 Dungeon Crawl Stone Soup version 0.30.0-19-g36f170ea60 (webtiles) character file.

Game seed: 2553680730341244696

7172 Irreverend the Cleaver (level 10, -3/94 HPs)
             Began as a Minotaur Berserker on May 30, 2023.
             Was a High Priest of Trog.
             Slain by a freezing wraith (8 damage)
             ... led by a death knight
             ... on level 9 of the Dungeon.
             The game lasted 00:09:33 (9005 turns).

Irreverend the Cleaver (Minotaur Berserker)         Turns: 9005, Time: 00:09:33

Health: -3/94      AC: 20    Str: 29    XL:     10   Next: 86%
Magic:  9/9        EV:  8    Int:  4    God:    Trog [*****.]
Gold:   629        SH:  0    Dex: 10    Spells: 9/9 levels left

rFire   . . .        H - +0 war axe
rCold   + . .        (no shield)
rNeg    . . .        k - +1 plate armour of the Louse {rPois rC+ Str+3 Stlth-}
rPois   +            (helmet restricted)
rElec   .            (no cloak)
rCorr   .            D - +0 pair of gloves
SInv    +            C - +2 pair of boots
Will    .....        i - amulet of faith Stlth
                     n - ring of see invisible
HPRegen 0.35/turn    (no ring)
MPRegen 0.11/turn

%: faith
@: on berserk cooldown, slowed, very slow
A: horns 2, retaliatory headbutt
a: Renounce Religion, Berserk, Trog's Hand, Brothers in Arms


You were on level 9 of the Dungeon.
You worshipped Trog.
Trog was extremely pleased with you.
You visited 1 branch of the dungeon, and saw 9 of its levels.
You also visited: Sewer.

You collected 629 gold pieces.

Inventory:

Hand Weapons
 a - a +0 hand axe
 H - a +0 war axe (weapon)
Missiles
 t - 2 throwing nets (quivered)
 u - 5 javelins
Armour
 k - the +1 plate armour of the Louse (worn) {rPois rC+ Str+3 Stlth-}
   (You found it on level 2 of the Dungeon)

   Str:       It affects your strength (+3).
   rC:        It protects you from cold.
   rPois:     It protects you from poison.
   Stlth:     It makes you less stealthy.
 C - a +2 pair of boots (worn)
 D - a +0 pair of gloves (worn)
Jewellery
 i - an amulet of faith (around neck)
 n - a ring of see invisible (left hand)
 y - an amulet of guardian spirit
Wands
 x - a wand of paralysis (12)
 I - a wand of iceblast (6)
 K - a wand of flame (52)
 M - a wand of digging (5)
Scrolls
 c - a scroll of immolation {unknown}
 d - a scroll of blinking {unknown}
 h - 3 scrolls of poison {unknown}
 o - 4 scrolls of identify {unknown}
 p - a scroll of magic mapping {unknown}
 q - 3 scrolls of amnesia {unknown}
 v - 6 scrolls of teleportation {unknown}
 w - a scroll of fog {unknown}
 B - 2 scrolls of acquirement {unknown}
 E - 2 scrolls of enchant armour {unknown}
 L - a scroll of noise {unknown}
Potions
 b - 2 potions of heal wounds {unknown}
 e - 2 potions of cancellation {unknown}
 f - a potion of lignification {unknown}
 g - 2 potions of degeneration {unknown}
 j - 5 potions of invisibility {unknown}
 l - 3 potions of haste {unknown}
 m - 2 potions of attraction {unknown}
 r - 4 potions of curing {unknown}
 s - a potion of brilliance {unknown}
 z - 2 potions of magic {unknown}
 A - a potion of ambrosia {unknown}
 F - a potion of resistance {unknown}
 G - a potion of experience {unknown}
 J - a potion of flight {unknown}


   Skills:
 + Level 10.7 Fighting
 * Level 14.4 Axes
 + Level 10.3 Armour
 - Level 2.1 Dodging


You had 9 spell levels left.
You didn't know any spells.
Your spell library was empty.

Dungeon Overview and Level Annotations

Branches:
Dungeon (9/15)             Temple (0/1) D:6            Lair (0/5) D:9
  Sewer (visited)
    Orc: D:9-12

Altars:
Dithmenos
Gozag
Kikubaaqudgha
Vehumet
Yredelemnul

Shops:
D:9 :


Innate Abilities, Weirdness & Mutations

You have a pair of horns on your head.
You reflexively headbutt those who attack you in melee.


Message History

The freezing wraith drains your vigour!
You feel as though you will be slow longer.
You barely miss the freezing wraith.
You headbutt the freezing wraith, but do no damage.
The freezing wraith hits you but does no damage. x4
You slash the freezing wraith! You headbutt the freezing wraith.
The freezing wraith is moderately damaged.
Your skin stops crawling.
You feel less strong-willed.
The freezing wraith hits you but does no damage. x2
You hit the freezing wraith but do no damage.
Your headbutt misses the freezing wraith.
The freezing wraith is moderately damaged.
The freezing wraith hits you.
* * * LOW HITPOINT WARNING * * *
The freezing wraith freezes you! You resist.
* * * LOW HITPOINT WARNING * * *
The freezing wraith hits you.
* * * LOW HITPOINT WARNING * * *
The freezing wraith drains your vigour!
You feel as though you will be slow longer.
You closely miss the freezing wraith.
The freezing wraith is moderately damaged.
The freezing wraith closely misses you.
The freezing wraith hits you but does no damage.
You barely miss the freezing wraith.
The freezing wraith is moderately damaged.
You hear the quick creaking of a distant portcullis.
The freezing wraith hits you but does no damage. x2
You hit the freezing wraith.
The freezing wraith is moderately damaged.
The freezing wraith barely misses you.
The freezing wraith hits you but does no damage.
The freezing wraith completely misses you.
The freezing wraith hits you but does no damage.
You barely miss the freezing wraith.
The freezing wraith is moderately damaged.
The freezing wraith hits you!
* * * LOW HITPOINT WARNING * * *
The freezing wraith freezes you! You resist.
You die...

########## ###.........
###.#.....####
#####.....>....### ###
#.)..#............
#.####@#.###.#......###
#....W..## ##.#####....
#∩##....#.###..# ####
z.#..######.#...#
..#.#.# ##.#.(# #.# p
## #.#..# # W# #[#..#
#W ####### #.#..# #
#.....# #.#..#########


You could see a freezing wraith.

Vanquished Creatures
  A two-headed ogre (D:9)
  A death knight (D:9)
  A freezing wraith (D:9)
  A hornet (D:7)
  Prince Ribbit (D:7)
  A vampire (D:6)
  7 yaks (D:8)
  A steam dragon (D:8)
  Menkaure (D:7)
  2 water moccasins (D:6)
  A black bear (D:6)
  2 orc warriors (D:8)
  3 ice beasts
  2 sky beasts (D:7)
  2 bullfrogs (D:8)
  3 kobold brigands
  5 scorpions
  12 wights
  6 killer bees (D:9)
  2 howler monkeys
  5 hounds
  4 jellies
  2 orc priests (D:8)
  Crazy Yiuf (D:7)
  A sleepcap (D:7)
  5 orc wizards
  2 iguanas
  3 gnolls (D:4)
  3 adders
  A white imp (D:8)
  5 worms
  4 dart slugs
  23 orcs
  17 ball pythons
  8 endoplasms
  7 giant cockroaches
  6 goblins
  9 hobgoblins
  25 kobolds
  6 quokkas
  12 bats
  5 frilled lizards
  6 rats
215 creatures vanquished.

Vanquished Creatures (collateral kills)
  A skeletal warrior (D:9)
  A wraith (D:9)
2 creatures vanquished.

Grand Total: 217 creatures vanquished

Notes
Turn   | Place    | Note
-------+----------+-------------------------------------------
     0 | D:1      | Irreverend the Minotaur Berserker began the quest for the
                  | Orb.
     0 | D:1      | Reached XP level 1. HP: 19/19 MP: 0/0
    40 | D:1      | Reached skill level 4 in Axes
    41 | D:1      | Reached XP level 2. HP: 13/27 MP: 1/1
   209 | D:1      | Found a faded altar of an unknown god.
   623 | D:1      | Reached XP level 3. HP: 32/33 MP: 2/2
   936 | D:2      | Reached ** piety under Trog
  1134 | D:2      | Identified the +1 plate armour of the Louse {rPois rC+
                  | Str+3 Stlth-}
  1552 | D:2      | Identified the +9 dagger of Dituock {elec, Dex+3 SInv}
  1874 | D:3      | Noticed a scorpion
  1881 | D:3      | Killed a scorpion
  1882 | D:3      | Reached skill level 5 in Axes
  1882 | D:3      | Reached XP level 4. HP: 22/41 MP: 3/3
  2238 | D:3      | Reached XP level 5. HP: 44/47 MP: 4/4
  2891 | D:4      | Found an opulent altar of Gozag.
  2923 | D:4      | Reached skill level 6 in Axes
  2927 | D:4      | Reached skill level 5 in Fighting
  2927 | D:4      | Reached *** piety under Trog
  3070 | D:4      | You fall into a shaft and drop 1 floor!
  3070 | D:5      | Entered Level 5 of the Dungeon
  3224 | D:5      | Reached XP level 6. HP: 30/56 MP: 5/5
  3448 | D:4      | Found a shadowy altar of Dithmenos.
  3594 | D:4      | Noticed an ice beast
  3601 | D:4      | Killed an ice beast
  3605 | D:4      | Reached skill level 7 in Axes
  3857 | D:4      | Reached skill level 5 in Armour
  3857 | D:4      | Reached XP level 7. HP: 49/62 MP: 6/6
  4402 | D:4      | Reached **** piety under Trog
  5040 | D:6      | Reached skill level 8 in Axes
  5241 | D:6      | Reached XP level 8. HP: 59/71 MP: 7/7
  5303 | D:6      | Reached skill level 9 in Axes
  5347 | D:6      | Found a glowing drain.
  5368 | Sewer    | Entered a sewer
  5546 | Sewer    | Reached ***** piety under Trog
  6119 | D:6      | Reached skill level 10 in Axes
  6177 | D:6      | Identified the +2 rapier of Conscience {freeze, Stlth+}
  6178 | D:6      | Found a staircase to the Ecumenical Temple.
  6269 | D:6      | Identified the +0 robe of the Shore {Str+3}
  6562 | D:7      | Found a basalt altar of Yredelemnul.
  6573 | D:7      | Reached XP level 9. HP: 81/81 MP: 8/8
  6644 | D:7      | Noticed Prince Ribbit
  6657 | D:7      | Killed Prince Ribbit
  6658 | D:7      | Reached skill level 11 in Axes
  6780 | D:7      | Found an ancient bone altar of Kikubaaqudgha.
  6823 | D:7      | Found a runed translucent door.
  6824 | D:7      | Noticed Crazy Yiuf
  6855 | D:7      | Noticed Menkaure
  6860 | D:7      | Killed Menkaure
  7504 | D:7      | Killed Crazy Yiuf
  7575 | D:8      | Reached skill level 12 in Axes
  7878 | D:8      | Found a radiant altar of Vehumet.
  7895 | D:8      | Reached XP level 10. HP: 81/91 MP: 9/9
  8036 | D:8      | Reached skill level 13 in Axes
  8549 | D:9      | Found a staircase to the Lair.
  8606 | D:9      | Noticed a two-headed ogre
  8621 | D:9      | Killed a two-headed ogre
  8622 | D:9      | Reached skill level 10 in Fighting
  8966 | D:9      | Found Geugh's Book Shop.
  8972 | D:9      | Noticed a death knight
  8972 | D:9      | Noticed a skeletal warrior
  8988 | D:9      | Killed a skeletal warrior
  8991 | D:9      | Reached skill level 14 in Axes
  8991 | D:9      | Reached skill level 10 in Armour
  8994 | D:9      | Killed a death knight
  9005 | D:9      | Slain by a freezing wraith

Illustrated notes

Levels and vault maps discovered:
D:1:      dpeg_arrival_rhombus, layout_loops_ring,
          hellmonk_ecumenical_altar_run_dry, minmay_pentomino_p4
D:2:      layout_basic
D:3:      layout_loops_corners, serial_co_window_serial, co_window_paths_b,
          co_window_corner_a, co_window_of_opportunity_a, co_window_paths_b,
          co_window_corner_a, co_window_broadway_c, co_window_corner_cb,
          co_window_corner_b, co_window_4corner_a, co_window_4corner_b
D:4:      minmay_razor_zed, layout_loops_ring,
          nicolae_gozag_cash_rules_everything_around_me,
          lemuel_coloured_pillars_altar
D:5:      layout_gridville, hangedman_abyss_or_decor_stagger
D:6:      layout_basic, minmay_temple_entry_poolview,
          cheibrodos_sewer_entry_bend
D:7:      layout_basic, yredelemnul_altar_generic, lemuel_tele_altar,
          kennysheep_cross_bottleneck, minmay_misc_feat_doors,
          uniq_prince_ribbit1, uniq_menkaure, uniq_crazy_yiuf_cottage
D:8:      layout_basic, vehumet_altar_wand_db
D:9:      layout_loops_ring, lemuel_crystal_altar, lair_entry_dummy,
          hiddenorc2_lemuel, enter_bailey_3, serial_shops,
          nicolae_book_shop_shelving, uniq_grum

Skill      XL: |  1  2  3  4  5  6  7  8  9 10 |
---------------+-------------------------------+-----
Axes           | 4 5 6 7 8 10 12 14 | 14.4
Fighting       | 4 5 6 8 9 10 | 10.7
Armour         | 3 4 5 6 7 8 10 | 10.3
Dodging        | |  2.1

Action                     |  1- 3 |  4- 6 |  7- 9 | 10-12 || total
---------------------------+-------+-------+-------+-------++-------
  Melee: Hand axe          |   124 |   107 |   160 |       ||   391
         Punch             |     1 |     1 |     3 |       ||     5
         Headbutt          |    10 |    17 |    60 |    11 ||    98
         War axe           |       |       |   113 |    96 ||   209
 Invoke: Berserk           |       |     1 |     3 |     3 ||     7
         Trog's Hand       |       |       |       |     1 ||     1
         Brothers in Arms  |       |       |       |     1 ||     1
 Armour: Animal skin       |     3 |       |       |       ||     3
         Scale mail        |    37 |       |       |       ||    37
         Plate armour      |    13 |    61 |   166 |    74 ||   314
  Dodge: Dodged            |    70 |    24 |   108 |    37 ||   239
